 Dungeon Crawl Stone Soup version 0.32-a0-30-gefbe487952 (webtiles) character file.

Game seed: 11241485421688409328

20558 cforsyth the Fighter (level 13, 0/104 HPs)
             Began as a Djinni Alchemist on Jan 19, 2024.
             Slain by a freezing wraith (10 damage)
             ... led by a death knight
             ... on level 11 of the Dungeon on Jan 20, 2024.
             The game lasted 00:31:28 (11272 turns).

cforsyth the Fighter (Djinni Alchemist)            Turns: 11272, Time: 00:31:29

Health: 0/104      AC:  6    Str:  7    XL:     13   Next: 13%
Gold:   790        EV: 14    Int: 27    God:
                   SH:  7    Dex: 15

rFire   + + +        B - +1 short sword "Qiadghas" {flame, rElec rN+ rCorr}
rCold   . . .        p - +2 buckler of Happiness {rF+ rC+}
rNeg    + + .        D - +0 troll leather armour
rPois   ∞            (no helmet)
rElec   +            t - +2 cloak
rCorr   +            (no gloves)
SInv    .            (boots unavailable)
Will    +....        a - amulet of regeneration
Stlth   ++           v - +6 ring of intelligence
HPRegen 1.97/turn    k - ring of positive energy
MPRegen 0.00/turn

%: infuse magic (-1 HP)
@: flying
A: sickness immunity, fire resistance 2, cold vulnerability 1, float, innate
caster, HP casting, extra vitality 1
a: no special abilities


You were on level 11 of the Dungeon.
You visited 2 branches of the dungeon, and saw 13 of its levels.
You also visited: Bailey.

You collected 790 gold pieces.

Inventory:

Hand Weapons
 B - the +1 short sword "Qiadghas" (weapon) {flame, rElec rN+ rCorr}
   (You found it on level 8 of the Dungeon)

   rElec:     It insulates you from electricity.
   rN+:       It protects you from negative energy.
   rCorr:     It protects you from acid and corrosion.
Armour
 p - the +2 buckler of Happiness (worn) {rF+ rC+}
   (You found it on level 4 of the Dungeon)

   rF+:       It protects you from fire.
   rC+:       It protects you from cold.
 t - a +2 cloak (worn)
 D - a +0 troll leather armour (worn)
Jewellery
 a - an amulet of regeneration (around neck)
 k - a ring of positive energy (right hand)
 v - a +6 ring of intelligence (left hand)
 K - a ring of see invisible
 L - an amulet of reflection
Wands
 x - a wand of charming (16)
 M - a wand of quicksilver (7)
 N - a wand of mindburst (4)
Scrolls
 c - a scroll of enchant weapon {unknown}
 e - 8 scrolls of identify
 f - 8 scrolls of teleportation
 g - a scroll of vulnerability
 h - a scroll of enchant armour {unknown}
 i - 2 scrolls of noise {unknown}
 l - 2 scrolls of poison {unknown}
 m - 5 scrolls of revelation
 q - 3 scrolls of brand weapon {unknown}
 y - 2 scrolls of fog {unknown}
 C - a scroll of fear {unknown}
 E - 2 scrolls of immolation {unknown}
 H - a scroll of acquirement
Potions
 b - 3 potions of curing {unknown}
 d - 2 potions of enlightenment {unknown}
 j - 2 potions of brilliance {unknown}
 n - 2 potions of heal wounds
 o - 3 potions of might
 r - 3 potions of magic {unknown}
 s - 3 potions of cancellation {unknown}
 u - 2 potions of degeneration {unknown}
 w - 4 potions of haste {unknown}
 z - 2 potions of attraction
 A - a potion of berserk rage {unknown}
 F - a potion of invisibility {unknown}
 G - 3 potions of mutation {unknown}
 I - a potion of resistance {unknown}
 J - 2 potions of experience {unknown}


   Skills:
 + Level 13.6 Fighting
 + Level 7.7 Dodging
 - Level 1.5 Stealth
 - Level 5.0 Shields
 + Level 11.0 Spellcasting
 + Level 11.0 Conjurations
 + Level 11.0 Hexes
 + Level 11.0 Summonings
 + Level 11.0 Necromancy
 + Level 11.0 Translocations
 + Level 11.0 Fire Magic
 + Level 11.0 Ice Magic
 + Level 11.0 Air Magic
 + Level 11.0 Earth Magic
 + Level 11.0 Alchemy


You knew the following spells:

 Your Spells              Type           Power      Damage    Failure   Level
a - Sting                 Conj/Alch      100%       1d9       1%          1
b - Mercury Vapours       Alch/Air       100%       N/A       1%          2
c - Mephitic Cloud        Conj/Alch/Air  66%        N/A       1%          3
d - Olgreb's Toxic Radia  Alch           66%        N/A       1%          4
e - Sticky Flame          Fire/Alch      66%        2d11      1%          4
f - Summon Small Mammal   Summ           100%       N/A       1%          1
g - Call Imp              Summ           100%       N/A       1%          2
h - Searing Ray           Conj           100%       2d8       1%          2
i - Petrify               Alch/Erth      66%        N/A       1%          4
j - Iskenderun's Mystic   Conj/Tloc      66%        2d14      1%          4
k - Arcjolt               Conj/Air       33%        1d43      2%          5
Your spell library was empty.

Dungeon Overview and Level Annotations

Branches:
Dungeon (12/15)            Temple (1/1) D:7            Lair (0/5) D:10
    Orc (0/2) D:10         Bailey (visited)

Altars:
Ashenzari
Cheibriados
Dithmenos
Elyvilon
Fedhas
Gozag
Hepliaklqana
Makhleb
Nemelex Xobeh
Okawaru
Qazlal
Ru
Trog
Uskayaw
Wu Jian
Xom
Yredelemnul
Zin
The Shining One

Annotations:
D:10 3 runed translucent doors, Eugor's ghost, journeyman DECj; ShellytheWitch's ghost, journeyman KoBr


Innate Abilities, Weirdness & Mutations

You are immune to sickness and miasma.
You are immune to poison.
Your flesh is very heat resistant. (rF++)
You are vulnerable to cold. (rC-)
You float through the air rather than walking.
You learn spells naturally, not from books.
Your magical power is your life essence.
You have superior vitality. (+4 MHP)


Message History

Your damage is reflected back at you!
* * * LOW HITPOINT WARNING * * *
Casting: Iskenderun's Mystic Blast (mildly dangerous; 1% risk of failure)
Confirm with . or Enter, or press ? or * to list all spells.
A tiny devil pulls itself out of the air.
* * * LOW HITPOINT WARNING * * *
You swap places.
Your cerulean imp hits the freezing wraith from afar with a +1 spear.
You feel much better.
Your toxic aura wanes.
Your cerulean imp hits the freezing wraith but does no damage.
The freezing wraith hits your cerulean imp but does no damage.
The freezing wraith hits your cerulean imp!
Your cerulean imp dies!
Your cerulean imp disappears in a puff of smoke!
There is an open door here.
Casting: Call Imp (safe; 1% risk of failure)
Confirm with . or Enter, or press ? or * to list all spells.
You erupt in a blast of force!
The mystic blast hits the freezing wraith but does no damage.
The freezing wraith is severely damaged.
Casting: Iskenderun's Mystic Blast (mildly dangerous; 1% risk of failure)
Confirm with . or Enter, or press ? or * to list all spells.
You erupt in a blast of force!
The mystic blast hits the freezing wraith!
The freezing wraith is almost destroyed.
The freezing wraith is knocked back by the mystic blast.
The mystic blast hits the freezing wraith but does no damage.
The freezing wraith is severely damaged.
Casting: Iskenderun's Mystic Blast (mildly dangerous; 1% risk of failure)
Confirm with . or Enter, or press ? or * to list all spells.
You erupt in a blast of force!
The mystic blast hits the freezing wraith!
You destroy the freezing wraith!
The mystic blast hits the freezing wraith but does no damage.
The freezing wraith is severely damaged.
The freezing wraith hits you! The freezing wraith freezes you!!
* * * LOW HITPOINT WARNING * * *
The freezing wraith hits you!
You die...

.# #......# .#
#####.## .# #.# .#
#.# .# #####.# .#
#.....# ##+ .#
##'######## .... ##
#........W### .....
#
#.###.###@'.##).....
#
#.#.#.#...#..'<.....
#
#.#.#.#.######......
# #...#.#. #+### #
#.###.# # #.....# #
##.#### ###
##..##### ..###
#.......#


You could see a freezing wraith.

Vanquished Creatures
  Nessos (D:12)
  Snorg (D:12)
  A hydra (D:12)
  A centaur warrior (D:9)
  A boulder beetle (D:9)
  A two-headed ogre (D:9)
  A death knight (D:11)
  4 skeletal warriors (D:12)
  Pikel (D:5)
  A phantasmal warrior (D:11)
  A cyclops (D:9)
  3 gargoyles
  6 centaur zombies (D:10)
  A kobold demonologist (D:10)
  2 komodo dragons (D:10)
  An unseen horror (D:12)
  A freezing wraith (D:11)
  4 trolls
  A hornet (D:9)
  2 meliai zombies (D:10)
  2 vampires
  3 shadows
  A steam dragon (D:8)
  8 yaks
  An acid dragon (D:9)
  9 orc warriors
  4 water moccasins
  2 ice beasts
  2 ogres
  3 centaurs
  4 lemures (D:5)
  2 phantoms
  2 kobold brigands
  7 bullfrogs
  5 scorpions
  8 wights
  6 killer bees (D:8)
  An electric eel (D:9)
  6 howler monkeys
  3 bombardier beetles (D:5)
  4 hounds
  2 orc priests
  3 iguanas
  6 orc wizards
  A howler monkey zombie (D:10)
  31 gnolls
  6 adders
  2 shadow imps
  2 white imps (D:7)
  A ribbon worm (D:3)
  A dart slug (D:1)
  45 orcs
  6 bats
  5 endoplasms
  3 giant cockroaches
  6 hobgoblins
  3 jackals (D:1)
  3 quokkas
  9 ball pythons
  6 frilled lizards
  11 goblins
  16 kobolds
  10 rats
296 creatures vanquished.

Vanquished Creatures (collateral kills)
  A centaur zombie (D:10)
  A hornet (D:9)
  A phantom (D:4)
3 creatures vanquished.

Grand Total: 299 creatures vanquished

Notes
Turn   | Place    | Note
-------+----------+-------------------------------------------
     0 | D:1      | cforsyth the Djinni Alchemist began the quest for the Orb.
     0 | D:1      | cforsyth set off with the following spells memorised:
                  | Sting, Mercury Vapours, Mephitic Cloud, Olgreb's Toxic
                  | Radiance, Sticky Flame.
     0 | D:1      | Reached XP level 1. HP: 15/15 MP: 0/0
   120 | D:1      | Reached XP level 2. HP: 19/22 MP: 0/0
   175 | D:1      | Reached skill level 1 in Fighting
   367 | D:1      | Reached XP level 3. HP: 23/27 MP: 0/0
   367 | D:1      | Learned a level 1 spell: Summon Small Mammal
  1052 | D:2      | Reached skill level 2 in Fighting
  1259 | D:2      | Found a hide-covered altar of Uskayaw.
  1459 | D:2      | Reached XP level 4. HP: 32/33 MP: 0/0
  1955 | D:3      | Reached XP level 5. HP: 24/40 MP: 0/0
  1955 | D:3      | Learned a level 2 spell: Call Imp
  1959 | D:3      | Reached skill level 3 in Fighting
  2507 | D:3      | Found a hazy altar of Hepliaklqana.
  2508 | D:3      | Found a shadowy altar of Dithmenos.
  2508 | D:3      | Noticed a shadow
  2681 | D:4      | Reached XP level 6. HP: 42/47 MP: 0/0
  2767 | D:4      | Identified the +2 buckler of Happiness {rF+ rC+}
  2985 | D:4      | Reached skill level 4 in Fighting
  3689 | D:5      | Entered Level 5 of the Dungeon
  3716 | D:5      | Reached skill level 1 in Shields
  3716 | D:5      | Reached XP level 7. HP: 28/53 MP: 0/0
  3716 | D:5      | Learned a level 2 spell: Searing Ray
  3919 | D:5      | Noticed Pikel
  4155 | D:5      | Reached skill level 5 in Fighting
  4155 | D:5      | Reached skill level 5 in Spellcasting
  4155 | D:5      | Reached skill level 5 in Conjurations
  4155 | D:5      | Reached skill level 5 in Hexes
  4155 | D:5      | Reached skill level 5 in Summonings
  4155 | D:5      | Reached skill level 5 in Necromancy
  4155 | D:5      | Reached skill level 5 in Translocations
  4155 | D:5      | Reached skill level 5 in Fire Magic
  4155 | D:5      | Reached skill level 5 in Ice Magic
  4155 | D:5      | Reached skill level 5 in Air Magic
  4155 | D:5      | Reached skill level 5 in Earth Magic
  4155 | D:5      | Reached skill level 5 in Alchemy
  5049 | D:5      | Reached XP level 8. HP: 55/59 MP: 0/0
  5275 | D:5      | Killed Pikel
  5276 | D:5      | Reached skill level 6 in Fighting
  5766 | D:6      | Reached XP level 9. HP: 26/67 MP: 0/0
  5766 | D:6      | Learned a level 4 spell: Petrify
  6084 | D:6      | Reached skill level 5 in Shields
  6410 | D:6      | Reached skill level 7 in Fighting
  6615 | D:7      | Found a staircase to the Ecumenical Temple.
  6656 | Temple   | Entered the Ecumenical Temple
  7084 | D:7      | Found a sparkling altar of Nemelex Xobeh.
  7291 | D:7      | Found an ornate altar of the Wu Jian Council.
  7417 | D:8      | Reached skill level 8 in Fighting
  7580 | D:8      | Reached XP level 10. HP: 75/77 MP: 0/0
  7608 | D:8      | Identified the +1 short sword "Qiadghas" {flame, rElec rN+
                  | rCorr}
  7796 | D:8      | Found an opulent altar of Gozag.
  7796 | D:8      | Found a glowing silver altar of Zin.
  7839 | D:8      | Reached skill level 9 in Fighting
  8301 | D:9      | Found an iron altar of Okawaru.
  8423 | D:9      | Identified the +5 quarterstaff of Ximarev {heavy, rC+
                  | Dex+6}
  8684 | D:9      | Identified the +5 leather armour "Ytsot" {+Inv Str+2 Int+3}
  8759 | D:9      | Noticed a two-headed ogre
  8770 | D:9      | Killed a two-headed ogre
  8771 | D:9      | Reached skill level 10 in Fighting
  8864 | D:9      | Noticed a cyclops
  8872 | D:9      | Noticed a centaur warrior
  8872 | D:9      | Noticed a gargoyle
  8899 | D:9      | Killed a centaur warrior
  8900 | D:9      | Reached XP level 11. HP: 49/86 MP: 0/0
  8900 | D:9      | Learned a level 4 spell: Iskenderun's Mystic Blast
  8994 | D:9      | Reached skill level 11 in Fighting
  9212 | D:9      | Killed a cyclops
  9250 | D:9      | Noticed a boulder beetle
  9290 | D:9      | Killed a boulder beetle
  9364 | D:10     | Entered Level 10 of the Dungeon
  9399 | D:10     | Found a flagged portal.
  9411 | Bailey   | Entered a bailey
  9831 | D:10     | Found a staircase to the Orcish Mines.
  9839 | D:10     | Reached skill level 12 in Fighting
  9994 | D:10     | Reached skill level 10 in Spellcasting
  9994 | D:10     | Reached skill level 10 in Conjurations
  9994 | D:10     | Reached skill level 10 in Hexes
  9994 | D:10     | Reached skill level 10 in Summonings
  9994 | D:10     | Reached skill level 10 in Necromancy
  9994 | D:10     | Reached skill level 10 in Translocations
  9994 | D:10     | Reached skill level 10 in Fire Magic
  9994 | D:10     | Reached skill level 10 in Ice Magic
  9994 | D:10     | Reached skill level 10 in Air Magic
  9994 | D:10     | Reached skill level 10 in Earth Magic
  9994 | D:10     | Reached skill level 10 in Alchemy
  9999 | D:10     | Reached XP level 12. HP: 76/96 MP: 0/0
 10076 | D:10     | Found a basalt altar of Yredelemnul.
 10222 | D:10     | Reached skill level 5 in Dodging
 10238 | D:10     | Found a staircase to the Lair.
 10289 | D:10     | Found a runed translucent gate.
 10289 | D:10     | Found a runed translucent gate.
 10291 | D:10     | Found a runed translucent gate.
 10302 | D:10     | Noticed Eugor's ghost (journeyman DECj)
 10303 | D:10     | Noticed ShellytheWitch's ghost (journeyman KoBr)
 10769 | D:11     | You are sucked into a shaft and drop 1 floor!
 10838 | D:12     | Noticed a seven-headed hydra
 10850 | D:12     | Killed a seven-headed hydra
 10921 | D:12     | Noticed Nessos
 10923 | D:12     | Noticed a skeletal warrior
 10924 | D:12     | Noticed a skeletal warrior
 10926 | D:12     | Noticed a skeletal warrior
 10927 | D:12     | Reached skill level 13 in Fighting
 10928 | D:12     | Noticed a skeletal warrior
 10934 | D:12     | Killed Nessos
 10937 | D:12     | Killed a skeletal warrior
 10944 | D:12     | Killed a skeletal warrior
 10951 | D:12     | Killed a skeletal warrior
 10977 | D:12     | Killed a skeletal warrior
 11088 | D:12     | Noticed Snorg
 11105 | D:12     | Killed Snorg
 11106 | D:12     | Reached XP level 13. HP: 60/103 MP: 0/0
 11106 | D:12     | Learned a level 5 spell: Arcjolt
 11272 | D:11     | Slain by a freezing wraith

Illustrated notes

Levels and vault maps discovered:
D:1:      shiori_arrival_maze, layout_basic, chequers_mini_garden,
          palyth_stone_intersect
D:2:      layout_loops_cross, basic_altar, st_stairs_12
D:3:      layout_loops_cross, riverfiend_overflow_shadow_ancestor
D:4:      layout_cave_pods, lemuel_round_altar, feat_on_display
D:5:      layout_loops_cross, uniq_crazy_yiuf_cottage, uniq_pikel
D:6:      nicolae_cairo_tiling_very_big, layout_basic
D:7:      minmay_general_purpose_star, layout_basic,
          chequers_temple_overflow_statue_of_worship,
          nicolae_wu_jian_immortal_techniques, temple_fountains
D:8:      layout_loops_ring, grunt_temple_overflow_gold_and_silver,
          serial_library_hellmonk_open_square, nicolae_straight_to_the_point
D:9:      minmay_slanted_spiral_squares, layout_loops_ring, lemuel_round_altar,
          minivault_4
D:10:     layout_stronghold, nicolae_yredelemnul_corpse_copse,
          due_lair_maze_entry_diamond, kennysheep_orc_monster_closet_entryway,
          enter_bailey_5, gammafunk_ghost_cemetery
D:11:     layout_roguey, dk_noncrumbling_2, nicolae_nh_vlads_tower
D:12:     layout_roguey, uniq_psyche, uniq_nergalle, uniq_nessos, uniq_snorg
Temple:   minmay_temple_forest_path

Skill      XL: |  1  2  3  4  5  6  7  8  9 10 11 12 13 |
---------------+----------------------------------------+-----
Fighting       | 1 2 3 4 5 6 8 10 12 13 | 13.6
Spellcasting   | 4 5 7 8 10 11 | 11.0
Conjurations   | 4 5 7 8 10 11 | 11.0
Hexes          | 4 5 7 8 10 11 | 11.0
Summonings     | 4 5 7 8 10 11 | 11.0
Necromancy     | 4 5 7 8 10 11 | 11.0
Translocations | 4 5 7 8 10 11 | 11.0
Fire Magic     | 4 5 7 8 10 11 | 11.0
Ice Magic      | 4 5 7 8 10 11 | 11.0
Air Magic      | 4 5 7 8 10 11 | 11.0
Earth Magic    | 4 5 7 8 10 11 | 11.0
Alchemy        | 4 5 7 8 10 11 | 11.0
Shields        | 1 2 4 5 |  5.0
Dodging        | 3 7 |  7.7
Stealth        | |  1.5

Action                     |  1- 3 |  4- 6 |  7- 9 | 10-12 | 13-15 || total
---------------------------+-------+-------+-------+-------+-------++-------
  Melee: Falchion          |       |     3 |     1 |       |       ||     4
         Short sword       |       |       |       |     2 |       ||     2
   Cast: Sting             |    86 |   105 |   245 |   244 |       ||   680
         Mephitic Cloud    |       |     5 |    33 |    37 |     1 ||    76
         Call Imp          |       |     3 |     2 |     4 |     1 ||    10
         Summon Small Mamm |       |     3 |       |       |       ||     3
         Searing Ray       |       |       |     7 |     4 |       ||    11
         Sticky Flame      |       |       |     4 |    28 |       ||    32
         Olgreb's Toxic Ra |       |       |       |    27 |     1 ||    28
         Iskenderun's Myst |       |       |       |    91 |    11 ||   102
         Petrify           |       |       |       |     3 |       ||     3
         Mercury Vapours   |       |       |       |     2 |       ||     2
    Use: Potion            |       |       |       |     4 |     1 ||     5
         Scroll            |       |       |       |     6 |       ||     6
 Armour: Robe              |    10 |    24 |    57 |    40 |       ||   131
         Troll leather arm |       |       |       |    53 |     4 ||    57
  Dodge: Dodged            |    19 |    29 |    37 |    71 |     1 ||   157
  Block: Buckler           |       |       |    32 |    59 |       ||    91

Table legend: (Time is in decaauts)
 A = Elapsed time spent in this place.
 B = Non-inter-level travel time spent in this place.
 C = Inter-level travel time spent in this place.
 D = Time resting spent in this place.
 E = Time spent auto-exploring this place.
 F = Levels seen in this place.
 G = Mean time per level.
                   A        B        C        D        E       F      G
               +--------+--------+--------+--------+--------+-----+--------+
         Total |  11268 |  10787 |    481 |    486 |   8255 |  14 |  804.9 |
       Dungeon |  10842 |  10361 |    481 |    386 |   8069 |  12 |  903.5 |
        Temple |     24 |     24 |      0 |      0 |     23 |   1 |   24.0 |
        Bailey |    401 |    401 |      0 |    100 |    163 |   1 |  401.0 |
               +--------+--------+--------+--------+--------+-----+--------+

Top non-repeatable levels by time:
     D:5: 1895 daAuts
     D:9: 1081 daAuts
     D:4: 1012 daAuts
     D:6: 991 daAuts
     D:1: 988 daAuts
    D:10: 979 daAuts
     D:3: 930 daAuts
     D:8: 911 daAuts
     D:7: 768 daAuts
     D:2: 758 daAuts
  Bailey: 401 daAuts
    D:12: 362 daAuts
    D:11: 162 daAuts
  Temple: 24 daAuts
